 Dungeon Crawl Stone Soup version 0.31-a0-532-g28f74ba3e5 (webtiles) character file.

Game seed: 9612047523726476791

689 cforsyth the Charlatan (level 7, -1/53 HPs)
             Began as a Gnoll Artificer on Aug 13, 2023.
             Slain by an ogre
             ... wielding a +0 giant spiked club
              (16 damage)
             ... on level 5 of the Dungeon.
             The game lasted 00:05:28 (4744 turns).

cforsyth the Charlatan (Gnoll Artificer)            Turns: 4744, Time: 00:05:28

Health: -1/53      AC: 13    Str: 16    XL:     7   Next: 63%
Magic:  10/11      EV:  6    Int: 12    God:
Gold:   233        SH:  0    Dex: 12    Spells: 11/11 levels left

rFire   . . .        t - +7 mace "Demon's Curse" {elec, Str+4}
rCold   . . .        (no shield)
rNeg    . . .        y - +0 plate armour
rPois   .            p - +0 helmet
rElec   .            (no cloak)
rCorr   .            (no gloves)
SInv    .            (no boots)
Will    .....        (no amulet) Stlth
                     (no ring)
HPRegen 0.28/turn    (no ring)
MPRegen 0.12/turn

%: no passive effects
@: no status effects
A: fangs 1, strong nose, distributed training
a: no special abilities


You were on level 5 of the Dungeon.
You visited 1 branch of the dungeon, and saw 5 of its levels.

You collected 296 gold pieces.
You spent 63 gold pieces at shops.

Inventory:

Hand Weapons
 a - a +0 club
 q - a +1 dagger of draining
 t - the +7 mace "Demon's Curse" (weapon) {elec, Str+4}
   (You found it on level 3 of the Dungeon)

   Str+4:     It affects your strength (+4).
Armour
 b - a +0 leather armour
 j - a +0 chain mail
 p - a +0 helmet (worn)
 y - a +0 plate armour (worn)
Jewellery
 w - a +6 ring of strength
Wands
 c - a wand of flame (2) (quivered)
 d - a wand of charming (13)
 e - a wand of iceblast (5)
 B - a wand of polymorph (10)
Scrolls
 f - a scroll of acquirement {unknown}
 g - 2 scrolls of immolation {unknown}
 h - 2 scrolls of enchant weapon {unknown}
 i - a scroll of poison {unknown}
 k - 7 scrolls of identify {unknown}
 l - 3 scrolls of revelation {unknown}
 m - 2 scrolls of amnesia {unknown}
 v - 2 scrolls of blinking {unknown}
 x - a scroll of torment {unknown}
 C - a scroll of noise {unknown}
 F - a scroll of silence {unknown}
Potions
 n - a potion of heal wounds {unknown}
 o - a potion of haste {unknown}
 r - 2 potions of enlightenment {unknown}
 s - 2 potions of resistance {unknown}
 u - 2 potions of curing {unknown}
 z - 2 potions of lignification {unknown}
 A - a potion of attraction {unknown}
 D - 2 potions of invisibility {unknown}
 E - a potion of magic {unknown}


   Skills:
 + Level 3.7 Fighting
 + Level 2.6 Short Blades
 + Level 2.6 Long Blades
 + Level 2.6 Axes
 + Level 2.6 Maces & Flails
 + Level 2.6 Polearms
 + Level 2.6 Staves
 + Level 2.6 Ranged Weapons
 + Level 2.6 Throwing
 + Level 5.3 Armour
 + Level 3.7 Dodging
 + Level 3.6 Stealth
 + Level 2.6 Shields
 + Level 2.6 Unarmed Combat
 + Level 2.6 Spellcasting
 + Level 2.1 Conjurations
 + Level 2.1 Hexes
 + Level 2.1 Summonings
 + Level 2.1 Necromancy
 + Level 2.1 Translocations
 + Level 2.1 Transmutations
 + Level 2.1 Fire Magic
 + Level 2.1 Ice Magic
 + Level 2.1 Air Magic
 + Level 2.1 Earth Magic
 + Level 2.1 Poison Magic
 + Level 3.0 Invocations
 + Level 7.1 Evocations
 + Level 2.1 Shapeshifting


You had 11 spell levels left.
You didn't know any spells.
Your spell library contained the following spells:

 Spells                   Type           Power      Damage    Failure   Level
 Sting                    Tmut/Pois      24%        1d4       99%         1
 Poisonous Vapours        Pois/Air       12%        N/A       100%        2
 Olgreb's Toxic Radiance  Pois           6%         N/A       100%        4
 Summon Forest            Summ/Tloc      3%         N/A       100%        5
 Summon Mana Viper        Hex/Summ       6%         N/A       100%        5
 Summon Cactus Giant      Summ           3%         N/A       100%        6


Dungeon Overview and Level Annotations

Branches:
Dungeon (5/15)
 Temple: D:4-7

Altars:
Yredelemnul

Shops:
D:3 *


Innate Abilities, Weirdness & Mutations

You have very sharp teeth.
Your uncanny sense of smell can sniff out nearby items.
Your experience applies equally to all skills.


Message History

You climb downwards.
The gnoll hits you but does no damage. The gnoll barely misses you.
There is a stone staircase leading up here.
The gnoll hits you but does no damage.
There is a stone staircase leading up here.
The gnoll hits you but does no damage. The gnoll hits you with a +0 spear.
You climb upwards.
There is a stone staircase leading down, spattered with blood here.
You thump the gnoll! Lightning courses through the gnoll!
You kill the gnoll!
No target in view!
You start resting.
HP restored.
You climb downwards.
There is a stone staircase leading up here.
The gnoll hits you but does no damage.
You sock the gnoll! Lightning courses through the gnoll!!
You kill the gnoll!
Your Invocations skill increases to level 3!
The ogre hits you with a +0 giant spiked club!!
You barely miss the ogre. You bite the ogre.
The ogre is lightly wounded.
The ogre barely misses you.
You sock the ogre!
The ogre is heavily wounded.
The ogre closely misses you.
You barely miss the ogre. You bite the ogre.
The ogre is heavily wounded.
You closely miss the ogre.
The ogre is heavily wounded.
The ogre hits you with a +0 giant spiked club!!
* * * LOW HITPOINT WARNING * * *
You are too injured to fight recklessly!
You are too injured to fight recklessly!
You are too injured to fight recklessly!
You are too injured to fight recklessly!
You sock the ogre!
The ogre is severely wounded.
The ogre hits you with a +0 giant spiked club!
You die...

.. #..##...g#..#...# #
#..#####........# ##.#
###..###.# #.# ##..##.#
#.# ##....## ##.##
##....## ##...##
######.....##
####.....###....O......#
..[..#..........@......#
.#######.....<...).....###
## #.................# #
##...............## ##
##.....#........# .##
##...##.......## ..##
##..##.......# #..##
#..##......## ##..##
#..##......#


You could see an ogre.

Vanquished Creatures
  Grinder (D:5)
  A water moccasin (D:4)
  A hound (D:4)
  A gnoll bouda (D:5)
  3 orc priests
  2 jellies
  4 gnolls
  5 adders
  An ufetubus (D:5)
  A dart slug (D:2)
  8 orcs
  5 endoplasms
  2 giant cockroaches (D:1)
  3 goblins
  5 hobgoblins
  3 jackals (D:2)
  5 kobolds
  2 quokkas
  8 ball pythons
  5 bats
  2 frilled lizards
  5 rats
73 creatures vanquished.

Vanquished Creatures (collateral kills)
  3 gnolls
3 creatures vanquished.

Vanquished Creatures (others)
  2 gnolls
2 creatures vanquished.

Grand Total: 78 creatures vanquished

Notes
Turn   | Place    | Note
-------+----------+-------------------------------------------
     0 | D:1      | cforsyth the Gnoll Artificer began the quest for the Orb.
     0 | D:1      | Reached XP level 1. HP: 17/17 MP: 1/1
   207 | D:1      | Reached XP level 2. HP: 8/23 MP: 2/2
   780 | D:2      | Reached XP level 3. HP: 21/28 MP: 3/3
   999 | D:2      | Reached skill level 1 in Invocations
  1008 | D:2      | Reached skill level 1 in Short Blades
  1008 | D:2      | Reached skill level 1 in Long Blades
  1008 | D:2      | Reached skill level 1 in Axes
  1008 | D:2      | Reached skill level 1 in Maces & Flails
  1008 | D:2      | Reached skill level 1 in Polearms
  1008 | D:2      | Reached skill level 1 in Staves
  1008 | D:2      | Reached skill level 1 in Ranged Weapons
  1008 | D:2      | Reached skill level 1 in Throwing
  1008 | D:2      | Reached skill level 1 in Shields
  1008 | D:2      | Reached skill level 1 in Unarmed Combat
  1008 | D:2      | Reached skill level 1 in Spellcasting
  1014 | D:2      | Reached XP level 4. HP: 31/34 MP: 5/5
  1632 | D:3      | Identified the +7 mace "Demon's Curse" {elec, Str+4}
  1762 | D:3      | Found Lefauruf's Assorted Antiques.
  1787 | D:3      | Bought a scroll labelled QEBODA EMNOMI for 22 gold pieces
  1787 | D:3      | Bought a fuming black potion for 19 gold pieces
  1787 | D:3      | Bought a scroll labelled PEIKHL OTEHYPEP for 22 gold pieces
  1801 | D:3      | Identified the +1 robe "Zicoacih" {rPois Str+7 Slay-6}
  2101 | D:3      | Reached skill level 1 in Conjurations
  2101 | D:3      | Reached skill level 1 in Hexes
  2101 | D:3      | Reached skill level 1 in Summonings
  2101 | D:3      | Reached skill level 1 in Necromancy
  2101 | D:3      | Reached skill level 1 in Translocations
  2101 | D:3      | Reached skill level 1 in Transmutations
  2101 | D:3      | Reached skill level 1 in Fire Magic
  2101 | D:3      | Reached skill level 1 in Ice Magic
  2101 | D:3      | Reached skill level 1 in Air Magic
  2101 | D:3      | Reached skill level 1 in Earth Magic
  2101 | D:3      | Reached skill level 1 in Poison Magic
  2101 | D:3      | Reached skill level 1 in Shapeshifting
  2251 | D:4      | Found a basalt altar of Yredelemnul.
  2378 | D:4      | Reached XP level 5. HP: 40/40 MP: 5/7
  3197 | D:5      | Entered Level 5 of the Dungeon
  3244 | D:5      | Reached XP level 6. HP: 46/47 MP: 8/8
  3253 | D:5      | Noticed a water moccasin
  3286 | D:4      | Killed a water moccasin
  3287 | D:4      | Reached skill level 5 in Armour
  4049 | D:5      | Noticed Grinder
  4057 | D:5      | Killed Grinder
  4058 | D:5      | Reached skill level 7 in Evocations
  4058 | D:5      | Reached XP level 7. HP: 39/52 MP: 10/10
  4744 | D:5      | Slain by an ogre

Illustrated notes

Levels and vault maps discovered:
D:1:      nicolae_arrival_washed_ashore, layout_rooms
D:2:      layout_loops_corners
D:3:      layout_loops_ring, serial_shops, shop, chequers_serial_rivers_room_b
D:4:      layout_basic, amcnicky_altar_gilded
D:5:      layout_layer_cave, kennysheep_mini, serial_park_tiny_1,
          minmay_misc_feat_square, chequers_arboretum, grunt_ministairs_8,
          uniq_grinder

Skill      XL: |  1  2  3  4  5  6  7 |
---------------+----------------------+-----
Invocations    | 1 2 3 |  3.0
Short Blades   | 1 2 |  2.6
Long Blades    | 1 2 |  2.6
Axes           | 1 2 |  2.6
Maces & Flails | 1 2 |  2.6
Polearms       | 1 2 |  2.6
Staves         | 1 2 |  2.6
Ranged Weapons | 1 2 |  2.6
Throwing       | 1 2 |  2.6
Shields        | 1 2 |  2.6
Unarmed Combat | 1 2 |  2.6
Spellcasting   | 1 2 |  2.6
Conjurations   | 1 2 |  2.1
Hexes          | 1 2 |  2.1
Summonings     | 1 2 |  2.1
Necromancy     | 1 2 |  2.1
Translocations | 1 2 |  2.1
Transmutations | 1 2 |  2.1
Fire Magic     | 1 2 |  2.1
Ice Magic      | 1 2 |  2.1
Air Magic      | 1 2 |  2.1
Earth Magic    | 1 2 |  2.1
Poison Magic   | 1 2 |  2.1
Shapeshifting  | 1 2 |  2.1
Fighting       | 3 |  3.7
Dodging        | 3 |  3.7
Stealth        | 3 |  3.6
Armour         | 5 |  5.3
Evocations     | 7 |  7.1

Action                     |  1- 3 |  4- 6 |  7- 9 || total
---------------------------+-------+-------+-------++-------
  Melee: Club              |   119 |    47 |       ||   166
         Bite              |    10 |     7 |     3 ||    20
         Punch             |     1 |     2 |       ||     3
         Mace              |       |    59 |    26 ||    85
         Dagger            |       |     4 |       ||     4
  Evoke: Wand              |     4 |     7 |     4 ||    15
   Stab: Sleeping          |     2 |       |       ||     2
 Armour: Leather armour    |    25 |       |       ||    25
         Chain mail        |    44 |    43 |       ||    87
         Plate armour      |       |    28 |    31 ||    59
  Dodge: Dodged            |    68 |    52 |    19 ||   139

Table legend: (Time is in decaauts)
 A = Elapsed time spent in this place.
 B = Non-inter-level travel time spent in this place.
 C = Inter-level travel time spent in this place.
 D = Time resting spent in this place.
 E = Time spent auto-exploring this place.
 F = Levels seen in this place.
 G = Mean time per level.
                   A        B        C        D        E       F      G
               +--------+--------+--------+--------+--------+-----+--------+
         Total |   4818 |   4446 |    372 |    737 |   2803 |   5 |  963.6 |
       Dungeon |   4818 |   4446 |    372 |    737 |   2803 |   5 |  963.6 |
               +--------+--------+--------+--------+--------+-----+--------+

Top non-repeatable levels by time:
     D:4: 1986 daAuts
     D:2: 944 daAuts
     D:1: 706 daAuts
     D:3: 648 daAuts
     D:5: 532 daAuts
